 Dungeon Crawl Stone Soup version 0.13-a0-3016-gcb2faac (webtiles) character file.

1235 PolkaDot the Ruinous (level 8, -5/50 HPs)
             Began as a Vampire Wizard on Sept 10, 2013.
             Slain by Pikel
             ... wielding a +1,+0 whip of electrocution
              (22 damage)
             ... on Level 6 of the Dungeon.
             The game lasted 00:32:03 (5092 turns).

PolkaDot the Ruinous (Vampire Wizard)               Turns: 5092, Time: 00:32:04

HP  -5/50        AC  5     Str  6      XL: 8   Next: 15%
MP  12/18        EV 12     Int 22      God:
Gold 87          SH  0     Dex 15      Spells:  4 memorised,  2 levels left

Res.Fire  : + . .   See Invis. : +   b - +1 elf sabre (venom)
Res.Cold  : . . .   Warding    : .   j - +0 robe {rF+}
Life Prot.: . . .   Conserve   : .   (no shield)
Res.Poison: +       Res.Corr.  : .   s - +1 wizard hat
Res.Elec. : .       Clarity    : .   (no cloak)
Sust.Abil.: . .     Spirit.Shd : .   h - +1 pair of gauntlets
Res.Mut.  : .       Stasis     : +   (no boots)
Res.Rott. : .       Flight     : .   C - amulet of stasis {unknown}
Saprovore : . . .                    k - +3 ring of dexterity
                                     m - ring of poison resistance

@: regenerating quickly, somewhat resistant to hostile enchantments, stealthy
A: bottle blood, fangs 3, see invisible, unbreathing
a: Bottle Blood


You were on level 6 of the Dungeon.
You were very full.

You visited 1 branch of the dungeon, and saw 6 of its levels.

You collected 179 gold pieces.
You spent 112 gold pieces at shops.

Inventory:

Hand weapons
 b - a +1,+1 elven sabre of venom (weapon)
 f - a +0,+0 elven dagger of protection (quivered)
 l - a +0,+0 lajatang
Armour
 h - a +1 pair of gauntlets (worn)
 j - a +0 robe of fire resistance (worn)
 p - a +0 ice dragon hide
 r - a +0 robe
 s - a +1 wizard hat (worn)
 u - a +1 buckler
Magical devices
 d - a wand of polymorph (0)
 w - a wand of random effects (18)
 x - a wand of frost (9)
Scrolls
 a - a scroll of amnesia
 e - 2 scrolls of remove curse
 n - 2 scrolls of identify
 y - a scroll of curse jewellery {unknown}
 A - a scroll of magic mapping
 B - a scroll of curse armour {unknown}
 D - a scroll of curse weapon {unknown}
 E - a scroll of immolation {unknown}
Jewellery
 k - a +3 ring of dexterity (right hand)
 m - a ring of poison resistance (left hand)
 C - an amulet of stasis (around neck) {unknown}
Potions
 i - a potion of brilliance
 o - a potion of restore abilities
 q - a potion of curing
 t - 2 potions of magic
 z - 5 potions of blood
Books
 c - a book of Minor Magic

   Spells                             Type                      Level
   *Magic Dart                        Conjuration                  1
   Blink                              Translocation                2
   Call Imp                           Summoning                    2
   Repel Missiles                     Charms/Air                   2
   Slow                               Hexes                        2
   *Conjure Flame                     Conjuration/Fire             3
   *Mephitic Cloud                    Conjuration/Poison/Air       3
 v - a book of Frost

   Spells                             Type                      Level
   Freeze                             Ice                          1
   Throw Frost                        Conjuration/Ice              2
   Ozocubu's Armour                   Charms/Ice                   3
   *Throw Icicle                      Conjuration/Ice              4
   Summon Ice Beast                   Ice/Summoning                4
   Condensation Shield                Ice                          4
 F - a book of the Warp

   Spells                             Type                      Level
   Recall                             Summoning/Translocation      3
   Control Teleport                   Charms/Translocation         4
   Phase Shift                        Translocation                5
   Warp Weapon                        Charms/Translocation         5
   Dispersal                          Translocation                6
   Controlled Blink                   Translocation                7
   Disjunction                        Translocation                8


   Skills:
 + Level 1.7 Staves
 - Level 2.1 Dodging
 - Level 3.0 Stealth
 - Level 3.0 Spellcasting
 * Level 6.9 Conjurations
   Level 1.0 Summonings
   Level 0.7 Translocations
 * Level 2.0 Ice Magic


You had 2 spell levels left.
You knew the following spells:

 Your Spells              Type           Power        Failure   Level  Hunger
a - Throw Icicle          Conj/Ice       ###.....     21%         4    ####...
d - Mephitic Cloud        Conj/Pois/Air  ##......     14%         3    ###....
s - Conjure Flame         Conj/Fire      ###.....     12%         3    ###....
z - Magic Dart            Conj           ####         1%          1    None


Dungeon Overview and Level Annotations

Branches:
Dungeon (6/27)
 Temple: D:4-7          Orc: D:6-11

Altars:
Kikubaaqudgha
Trog
Vehumet

Shops:
D:4 ?   D:6 *

Annotations:
D:3 1 exclusion
D:6 Pikel


Innate Abilities, Weirdness & Mutations

Your natural rate of healing is unusually fast.
You can bottle blood from corpses.
You have razor-sharp teeth.*
You have supernaturally acute eyesight.
You can survive without breathing.*


Message History

You barely miss Pikel.
Pikel is moderately wounded.
You hit Pikel.
Pikel looks even sicker.
Pikel is moderately wounded.
You hit Pikel.
Pikel looks even sicker.
Pikel is heavily wounded.
Pikel closely misses you.
Pikel hits the slave with a runed whip.
You barely miss Pikel.
Pikel is heavily wounded.
You completely miss Pikel. You bite Pikel.
Pikel is heavily wounded.
Pikel seems less confused.
Pikel hits you with a runed whip!
You hit Pikel but do no damage. Your bite misses Pikel.
Pikel is severely wounded.
Pikel hits you with a runed whip.
You are electrocuted!
You barely miss Pikel.
Pikel is severely wounded.
Pikel hits you with a whip of electrocution.
You are electrocuted!
You die...

,,,,,,,,,,,,,,,******
,,.......,.,,,,,,,,,** ****
,......#.....,,,,,,,,* *,,,
*#>...........******,# ****,,,
#............* *.# *,,,,,,
#.......#....* *##F### *,,,,,*
##......##...** *###### *,,,,,*
:∩........#########⌠.⌠##***,,,,,*
......?..o##.[@K@)+,>,+,,,,,,,,,*
...........#.######⌠.⌠##***,,,,,*
..............# *##+### *,,****
............o.# *##.#*# *,*****
..............# *.# *,,,,,,
..............#*****,#*****,,,,,,
...............<,,,,,,,,,,,,,,,,,
................#***,,,,,,<,,,,,,
##............### *,,,,,>*,,,,,*


You could see Pikel, a slave and a giant frog.

Vanquished Creatures
  Eustachio (D:5)
  2 slaves (D:6)
  A phantom (D:4)
  An ice beast (D:5)
  Duvessa (D:4)
  2 centaurs (D:5)
  Dowan (D:4)
  A crimson imp (D:5)
  2 hounds
  An orc priest (D:4)
  2 orc wizards
  4 worker ants
  Ijyb (D:4)
  Jessica (D:2)
  An ogre skeleton (D:5)
  7 gnolls
  8 adders
  A giant mite (D:3)
  3 worms
  2 giant eyeballs (D:4)
  2 oozes
  10 orcs
  A bat skeleton (D:4)
  A bat zombie (D:6)
  12 goblins
  3 hobgoblins (D:5)
  7 jackals
  A quokka (D:3)
  A ball python (D:2)
  11 bats
  3 giant cockroaches
  3 giant geckos
  3 giant newts
  A goblin skeleton (D:4)
  A hobgoblin skeleton (D:5)
  A hobgoblin zombie (D:5)
  8 kobolds
  13 rats
  A rat skeleton (D:5)
126 creatures vanquished.

Notes
Turn   | Place    | Note
--------------------------------------------------------------
     0 | D:1      | PolkaDot, the Vampire Wizard, began the quest for the Orb.
     0 | D:1      | Reached XP level 1. HP: 11/11 MP: 6/6
     0 | D:1      | Noticed a spriggan
     0 | D:1      | Noticed a dwarf
     1 | D:1      | Noticed a draconian
     1 | D:1      | Noticed a troll
     3 | D:1      | Noticed an ogre
    10 | D:1      | Noticed an ogre
    10 | D:1      | Noticed a minotaur
    12 | D:1      | Noticed a naga
    12 | D:1      | Noticed a centaur
    13 | D:1      | Noticed a troll
    14 | D:1      | Noticed a ghoul
    16 | D:1      | Noticed a naga
    18 | D:1      | Noticed a human
    18 | D:1      | Noticed an ogre
    78 | D:1      | Reached skill level 1 in Conjurations
   455 | D:1      | Reached XP level 2. HP: 17/17 MP: 2/8
   630 | D:2      | Noticed Jessica
   721 | D:2      | Killed Jessica
   737 | D:2      | Reached XP level 3. HP: 11/22 MP: 6/10
  1258 | D:2      | Reached XP level 4. HP: 28/28 MP: 8/12
  1312 | D:2      | Learned a level 3 spell: Conjure Flame
  1316 | D:2      | Learned a level 3 spell: Mephitic Cloud
  2117 | D:3      | Reached XP level 5. HP: 22/33 MP: 10/13
  2171 | D:3      | Found a bloodstained altar of Trog.
  2563 | D:4      | Noticed Duvessa
  2567 | D:4      | Killed Duvessa
  2567 | D:4      | Reached skill level 4 in Conjurations
  2581 | D:4      | Noticed Dowan
  2657 | D:4      | Killed Dowan
  2657 | D:4      | Reached XP level 6. HP: 39/39 MP: 12/15
  2788 | D:4      | Paralysed by a giant eyeball for 4 turns
  2865 | D:4      | Noticed a phantom
  2905 | D:4      | Killed a phantom
  2905 | D:4      | Reached skill level 5 in Conjurations
  3321 | D:4      | Noticed a phantom
  3323 | D:4      | Noticed Ijyb
  3574 | D:4      | Killed Ijyb
  3618 | D:4      | Found Trexzot's Magic Scroll Shoppe.
  3625 | D:4      | Bought a scroll of identify for 28 gold pieces
  3625 | D:4      | Bought a scroll of identify for 28 gold pieces
  3625 | D:4      | Bought a scroll of identify for 28 gold pieces
  3625 | D:4      | Bought a scroll of identify for 28 gold pieces
  3925 | D:5      | Entered Level 5 of the Dungeon
  3959 | D:5      | Reached XP level 7. HP: 40/44 MP: 17/17
  4059 | D:5      | Noticed Eustachio
  4074 | D:5      | Killed Eustachio
  4074 | D:5      | Reached skill level 6 in Conjurations
  4371 | D:5      | Reached skill level 1 in Staves
  4516 | D:5      | Learned a level 4 spell: Throw Icicle
  4622 | D:5      | Reached skill level 1 in Ice Magic
  4622 | D:5      | Reached XP level 8. HP: 36/50 MP: 18/18
  4961 | D:6      | Found a bloodstained altar of Trog.
  4963 | D:6      | Found a radiant altar of Vehumet.
  4965 | D:6      | Found an ancient bone altar of Kikubaaqudgha.
  4992 | D:6      | Found Ebit's Assorted Antiques.
  5007 | D:6      | Noticed Pikel
  5092 | D:6      | Slain by Pikel

Action                   |  1- 3 |  4- 6 |  7- 9 || total
-------------------------+-------+-------+-------++-------
Melee: Unarmed           |     9 |       |       ||     9
       Lajatang          |    14 |     3 |    26 ||    43
       Spear             |       |    46 |       ||    46
       Sabre             |       |    51 |   141 ||   192
       Dagger            |       |    12 |       ||    12
 Cast: Magic Dart        |    73 |   117 |    16 ||   206
       Conjure Flame     |       |     3 |     1 ||     4
       Mephitic Cloud    |       |     2 |     8 ||    10
 Abil: Bottle Blood      |       |       |     9 ||     9
Evoke: Wand              |       |     2 |     1 ||     3
  Use: Potion            |     1 |     1 |     7 ||     9
       Scroll            |       |    10 |     2 ||    12
 Stab: Sleeping          |     1 |     5 |     4 ||    10
       Confused          |       |     1 |     9 ||    10
